 Dungeon Crawl Stone Soup version 0.29-a0-219-g0a02b1cf4f (webtiles) character file.

Game seed: 16989168248764777042

158 shoop the Shooter (level 5, -1/30 HPs)
             Began as a Deep Elf Hunter on Feb 26, 2022.
             Was an Initiate of Fedhas.
             Killed from afar by Ijyb (5 damage)
             ... with a puff of flame
             ... on level 3 of the Dungeon.
             The game lasted 00:04:35 (3199 turns).

shoop the Shooter (Deep Elf Hunter)                 Turns: 3199, Time: 00:04:36

Health: -1/30      AC:  4    Str:  9    XL:     5   Next: 16%
Magic:  7/7        EV: 12    Int: 18    God:    Fedhas [......]
Gold:   148        SH:  0    Dex: 15    Spells: 4/4 levels left

rFire   . . .      SeeInvis .   a - +1 shortbow
rCold   . . .      Faith    .   (shield currently unavailable)
rNeg    . . .      Spirit   .   b - +0 leather armour
rPois   .          Reflect  .   r - +0 helmet
rElec   .          Harm     .   (no cloak)
rCorr   .          Rampage  .   (no gloves)
Will    .....                   (no boots)
Stlth   ++........              (no amulet)
HPRegen 0.10/turn               (no ring)
MPRegen 0.10/turn               (no ring)

@: no status effects
A: no striking features
a: Renounce Religion


You were on level 3 of the Dungeon.
You worshipped Fedhas.
Fedhas was noncommittal.
You visited 1 branch of the dungeon, and saw 4 of its levels.

You collected 148 gold pieces.

Inventory:

Hand Weapons
 a - a +1 shortbow (weapon)
Armour
 b - a +0 leather armour (worn)
 r - a +0 helmet (worn)
Scrolls
 c - 2 scrolls of identify {unknown}
 d - a scroll of vulnerability {unknown}
 f - a scroll of magic mapping {unknown}
 h - 2 scrolls of teleportation {unknown}
 j - a scroll of acquirement {unknown}
 o - a scroll of amnesia {unknown}
 p - 4 scrolls of summoning {unknown}
Potions
 e - a potion of invisibility {unknown}
 g - a potion of cancellation {unknown}
 i - a potion of mutation {unknown}
 k - a potion of brilliance {unknown}
 l - 2 potions of might {unknown}
 m - a potion of flight {unknown}
 n - a potion of lignification {unknown}
 q - 2 potions of curing


   Skills:
 - Level 2.0 Fighting
 + Level 7.3 Bows
 - Level 1.0 Armour
 - Level 3.0 Dodging
 - Level 3.0 Stealth


You had 4 spell levels left.
You didn't know any spells.
Your spell library contained the following spells:

 Spells                   Type           Power      Damage    Failure   Level
 Freeze                   Ice            0%         1d3       30%         1
 Dazzling Flash           Conj/Hex       0%         N/A       65%         3
 Frozen Ramparts          Ice            0%         1d2       65%         3
 Hailstorm                Conj/Ice       0%         3d3       96%         4
 Agony                    Necr           0%         N/A       100%        5
 Silence                  Hex/Air        0%         N/A       100%        5


Dungeon Overview and Level Annotations

Branches:
Dungeon (4/15)
 Temple: D:4-7

Altars:
Fedhas

Annotations:
D:3 exclusion: adder, Ijyb
D:4 exclusions: 2 orcs and orc wizard, Duvessa, Eustachio


Message History

You kill the frilled lizard!
Fedhas appreciates your contribution to the ecosystem.
You shoot an arrow. The arrow barely misses Ijyb.
Ijyb grins evilly.
You shoot an arrow. The arrow hits Ijyb but does no damage.
Ijyb zaps a wand.
The puff of flame hits you!
You shoot an arrow. The arrow hits Ijyb.
Ijyb is lightly wounded.
You shoot an arrow. The arrow hits Ijyb.
Ijyb is lightly wounded.
You shoot an arrow. The arrow closely misses Ijyb.
You shoot an arrow. The arrow barely misses Ijyb.
Ijyb hits you with a +0 club. Ijyb misses you.
You shoot an arrow. The arrow hits Ijyb.
Ijyb is lightly wounded.
Ijyb hits you with a +0 club.
You are too injured to fight recklessly!
Shoot: a) +1 shortbow
Press: ? - help, Shift-Dir - straight line, f/p - Ijyb
Aim: Ijyb, wielding a +0 club, wearing a +0 chain mail and carrying a wand of flame (19) (lightly wounded, 64% to hit)
You shoot an arrow. The arrow hits Ijyb.
Ijyb is moderately wounded.
Ijyb completely misses you.
Shoot: a) +1 shortbow
Press: ? - help, Shift-Dir - straight line, f/p - Ijyb
Aim: Ijyb, wielding a +0 club, wearing a +0 chain mail and carrying a wand of flame (19) (moderately wounded, 64% to hit)
You shoot an arrow. The arrow hits Ijyb.
Ijyb is heavily wounded.
Ijyb screams, "You nasty!
Big nasty!"
Ijyb hits you with a +0 club.
Shoot: a) +1 shortbow
Press: ? - help, Shift-Dir - straight line, f/p - Ijyb
Aim: Ijyb, wielding a +0 club, wearing a +0 chain mail and carrying a wand of flame (19) (heavily wounded, 64% to hit)
You shoot an arrow. The arrow hits Ijyb but does no damage.
Ijyb is heavily wounded.
Ijyb zaps a wand.
The puff of flame hits you!
* * * LOW HITPOINT WARNING * * *
Ijyb zaps a wand.
The puff of flame hits you.
You die...
Fedhas appreciates your contribution to the ecosystem.

#.........#.....#####.###.##
######.####.....##...##
##.## #.# #.....##..## ##.#
#.# #.....##..# #.# #.#
#......#..## ##.#
##.####.#.##.#.#.## ##.##
#.......#....#....###.##
#..####.###.g###.#...##
#....##.###.@# #.#####
#.##.##......# #.#
#.##.##.###.####<# ##
#####................# #.
...##########...###### #.
##.# #...## ####. #.## #...#
#####.... #..## #...#
#.....##. ##)#.# #...#
###.######.


You could see Ijyb.

Vanquished Creatures
  Terence (D:2)
  An iguana (D:4)
  A gnoll (D:1)
  2 adders
  2 worms
  An orc (D:4)
  A bat (D:2)
  5 endoplasms
  2 giant cockroaches
  6 goblins
  4 hobgoblins
  10 jackals
  6 kobolds
  10 ball pythons
  12 frilled lizards
  8 rats
72 creatures vanquished.

Vanquished Creatures (others)
  13 fungi (D:3)
  8 plants (D:3)
21 creatures vanquished.

Grand Total: 93 creatures vanquished

Notes
Turn   | Place    | Note
-------+----------+-------------------------------------------
     0 | D:1      | shoop the Deep Elf Hunter began the quest for the Orb.
     0 | D:1      | Reached XP level 1. HP: 12/12 MP: 3/3
    40 | D:1      | Reached XP level 2. HP: 16/16 MP: 4/4
   495 | D:1      | Reached XP level 3. HP: 21/21 MP: 5/5
   735 | D:1      | Found a faded altar of an unknown god.
   843 | D:2      | Noticed Terence
   882 | D:1      | HP: 1/21 [jackal (1)]
  1520 | D:2      | Reached skill level 1 in Armour
  1544 | D:2      | Killed Terence
  1545 | D:2      | Reached skill level 6 in Bows
  1545 | D:2      | Reached XP level 4. HP: 26/26 MP: 6/6
  1937 | D:3      | You fall into a shaft and drop 1 floor!
  2223 | D:3      | Noticed Ijyb
  2414 | D:3      | Found a blossoming altar of Fedhas.
  2436 | D:3      | Became a worshipper of Fedhas Madash
  2535 | D:3      | Reached skill level 7 in Bows
  2701 | D:4      | Reached XP level 5. HP: 30/30 MP: 7/7
  2707 | D:4      | Noticed Eustachio
  2799 | D:4      | Noticed Duvessa
  3199 | D:3      | Killed from afar by Ijyb

Illustrated notes

Levels and vault maps discovered:
D:1:      dpeg_arrival_stone_temple_mockup, layout_basic,
          shapermc_ecumenical_altar_pompeii
D:2:      layout_basic, kennysheep_generic_room_10, uniq_terence
D:3:      layout_loops_cross, fedhas_altar_3, minmay_lizard_king, uniq_ijyb
D:4:      layout_cave_pods, nrook_campfire, minmay_between, uniq_duvessa,
          uniq_eustachio, uniq_natasha, uniq_blork_the_orc

Skill      XL: |  1  2  3  4 |
---------------+-------------+-----
Stealth        | 3 |  3.0
Fighting       | 2 |  2.0
Dodging        | 3 |  3.0
Armour         | 1 |  1.0
Bows           | 6 7 |  7.3

Action                   |  1- 3 |  4- 6 || total
-------------------------+-------+-------++-------
 Fire: Shortbow          |   102 |    81 ||   183
  Use: Potion            |     1 |       ||     1
Armor: Leather armour    |    16 |     5 ||    21
Dodge: Dodged            |    52 |    14 ||    66

Table legend: (Time is in decaauts)
 A = Elapsed time spent in this place.
 B = Non-inter-level travel time spent in this place.
 C = Inter-level travel time spent in this place.
 D = Time resting spent in this place.
 E = Time spent auto-exploring this place.
 F = Levels seen in this place.
 G = Mean time per level.
                   A        B        C        D        E       F      G
               +--------+--------+--------+--------+--------+-----+--------+
         Total |   3246 |   3079 |    167 |     98 |   2542 |   4 |  811.5 |
       Dungeon |   3246 |   3079 |    167 |     98 |   2542 |   4 |  811.5 |
               +--------+--------+--------+--------+--------+-----+--------+

Top non-repeatable levels by time:
     D:2: 981 daAuts
     D:1: 962 daAuts
     D:3: 768 daAuts
     D:4: 534 daAuts
